 Dungeon Crawl Stone Soup version 0.27-a0-1193-g8631133539 (webtiles) character file.

Game seed: 11692110853612583446

12 EnegeticOcto the Magician (level 2, -3/21 HPs)
             Began as a Djinni Earth Elementalist on May 25, 2021.
             Slain by a kobold
             ... wielding a +0 short sword
              (4 damage)
             ... on level 3 of the Dungeon.
             The game lasted 00:00:48 (130 turns).

EnegeticOcto the Magician (DjEE)                     Turns: 130, Time: 00:00:48

Health: -3/21      AC:  2    Str:  7    XL:     2   Next: 45%
Gold:   19         EV: 12    Int: 16    God:
                   SH:  0    Dex: 13

rFire    + + .     SeeInvis .   (no weapon)
rCold    x . .     Faith    .   (no shield)
rNeg     . . .     Spirit   .   c - +0 robe
rPois    ∞         Reflect  .   (no helmet)
rElec    .         Harm     .   (no cloak)
rCorr    .         Rampage  .   (no gloves)
Will     .....                  (boots unavailable)
Stlth    ++........             (no amulet)
HPRegen  0.07/turn              (no ring)
MPRegen  0.00/turn              (no ring)

@: flying, very slightly contaminated
A: sickness immunity, fire resistance 2, cold vulnerability 1, float, innate
caster, hp casting, extra vitality 1
a: no special abilities


You were on level 3 of the Dungeon.
You visited 1 branch of the dungeon, and saw 3 of its levels.

You collected 19 gold pieces.

Inventory:

Missiles
 b - 33 stones
Armour
 c - a +0 robe (worn)


   Skills:
 - Level 2.1 Dodging
 - Level 1.5 Stealth
 + Level 3.0 Spellcasting


You couldn't memorise any spells.
You knew the following spells:

 Your Spells              Type           Power      Damage    Failure   Level
a - Sandblast             Erth           24%        2d8       5%          1
b - Stone Arrow           Conj/Erth      24%        3d8       16%         3
c - Petrify               Tmut/Erth      12%        N/A       47%         4
d - Lee's Rapid Deconstr  Erth           6%         3d7*      83%         5
p - Passwall              Tmut/Erth      10%        N/A       9%          2
Your spell library was empty.

Dungeon Overview and Level Annotations

Branches:
Dungeon (3/15)

Altars:


Innate Abilities, Weirdness & Mutations

You are immune to sickness and miasma.
You are immune to poison.
Your flesh is very heat resistant. (rF++)
You are vulnerable to cold. (rC-)
You float through the air rather than walking.
You learn spells naturally, not from books.
Your magical power is your life essence.
You have superior vitality. (+4 HP)


Message History

You see here 25 bolts.
It was a potion of curing.
You feel better.
Found an escape hatch in the floor.
b - 40 stones (gained 20)
Things that are here:
a +0 hunting sling; a +0 club A frilled lizard comes into view.
A giant cockroach comes into view.
The frilled lizard hisses angrily.
Casting: Sandblast (safe; 6% risk of failure)
Confirm with . or Enter, or press ? or * to list all spells.
Aiming: Sandblast (safe; 6% risk of failure)
Press: ? - help, Shift-Dir - straight line, f - frilled lizard
Aim: a frilled lizard (66% to hit)
The blast of sand hits the frilled lizard!
You kill the frilled lizard!
Casting: Sandblast (safe; 6% risk of failure)
Confirm with . or Enter, or press ? or * to list all spells.
Aiming: Sandblast (safe; 6% risk of failure)
Press: ? - help, Shift-Dir - straight line, f - giant cockroach
Aim: a giant cockroach (79% to hit)
The blast of sand hits the giant cockroach!
You kill the giant cockroach!
There is a stone staircase leading down here.
(D) Dungeon
Where to? (? - help)
You fly downwards.
There is a stone staircase leading up here.
You reach down and open the door.
Found a potion of magic.
There is an open door here.
Found a scroll labelled XYIRHO ISAETS.
You reach down and open the door.
There is an open door here.
You reach down and open the door.
A ball python comes into view.
Casting: Sandblast (safe; 5% risk of failure)
Confirm with . or Enter, or press ? or * to list all spells.
Aiming: Sandblast (safe; 5% risk of failure)
Press: ? - help, Shift-Dir - straight line, f - ball python
Aim: a ball python (asleep, 100% to hit)
The blast of sand hits the ball python.
You kill the ball python!
A goblin and a kobold come into view.
The kobold shouts!
There is an open door here.
The goblin shouts!
The kobold throws a stone.
The stone hits you.
Casting: Sandblast (safe; 5% risk of failure)
Confirm with . or Enter, or press ? or * to list all spells.
Aiming: Sandblast (safe; 5% risk of failure)
Press: ? - help, Shift-Dir - straight line, f - kobold
Aim: a kobold, wielding a +0 short sword and quivering stones (74% to hit)
The blast of sand misses the kobold.
The kobold closely misses you.
Casting: Sandblast (safe; 5% risk of failure)
Confirm with . or Enter, or press ? or * to list all spells.
Aiming: Sandblast (safe; 5% risk of failure)
Press: ? - help, Shift-Dir - straight line, f/p - kobold
Aim: a kobold, wielding a +0 short sword and quivering stones (74% to hit)
The blast of sand misses the kobold.
The kobold hits you with a +0 short sword.
Casting: Sandblast (safe; 5% risk of failure)
Confirm with . or Enter, or press ? or * to list all spells.
Aiming: Sandblast (safe; 5% risk of failure)
Press: ? - help, Shift-Dir - straight line, f/p - kobold
Aim: a kobold, wielding a +0 short sword and quivering stones (74% to hit)
The blast of sand misses the kobold.
* * * LOW HITPOINT WARNING * * *
The goblin hits you but does no damage. The kobold hits you but does no damage.
Press: ? - help, . - travel, g - get item You can't see that place. [Stash: a potion of magic] [the floor.]
There is an open door here.
Casting: Sandblast (safe; 5% risk of failure)
Confirm with . or Enter, or press ? or * to list all spells.
Aiming: Sandblast (safe; 5% risk of failure)
Press: ? - help, Shift-Dir - straight line, f/p - kobold
Aim: a kobold, wielding a +0 short sword and quivering stones (74% to hit)
The blast of sand hits the goblin.
You kill the goblin!
* * * LOW HITPOINT WARNING * * *
Your Spellcasting skill increases to level 3!
Casting: Sandblast (safe; 5% risk of failure)
Confirm with . or Enter, or press ? or * to list all spells.
Aiming: Sandblast (safe; 5% risk of failure)
Press: ? - help, Shift-Dir - straight line, f/p - kobold
Aim: a kobold, wielding a +0 short sword and quivering stones (74% to hit)
You miscast Sandblast.
You are very lightly contaminated with residual magic.
Nothing appears to happen.
* * * LOW HITPOINT WARNING * * *
The kobold hits you with a +0 short sword.
* * * LOW HITPOINT WARNING * * *
Casting: Sandblast (safe; 5% risk of failure)
Confirm with . or Enter, or press ? or * to list all spells.
You don't have enough health to cast this spell.
You completely miss the kobold.
The kobold hits you with a +0 short sword.
You die...

#.# #.### #...# ###.# #.#
########### #.# ####
#.........# ####'#....?
#.........####......###
#.........K@.'.........#
#.........####........##
..........+.............
..........#!......#...##.
..........#.......#.....
.###+####.#.......#..###
.....###..# .# ..##. ..#
.. .. ..#


You could see a kobold.

Vanquished Creatures
  An endoplasm (D:1)
  A giant cockroach (D:2)
  3 goblins
  A hobgoblin (D:2)
  A quokka (D:2)
  2 ball pythons
  2 frilled lizards (D:2)
11 creatures vanquished.

Notes
Turn   | Place    | Note
-------+----------+-------------------------------------------
     0 | D:1      | EnegeticOcto the Djinni Earth Elementalist began the quest
                  | for the Orb.
     0 | D:1      | Reached XP level 1. HP: 15/15 MP: 0/0
    47 | D:2      | Reached XP level 2. HP: 7/21 MP: 0/0
   129 | D:3      | Reached skill level 3 in Spellcasting
   129 | D:3      | HP: 1/21 [kobold/+0 short sword (4)]
   130 | D:3      | Slain by a kobold

Illustrated notes

Levels and vault maps discovered:
D:1:      lightli_arrival_maybe_door_vault, layout_basic,
          chequers_ecumenical_altar_simple, kennysheep_doodads
D:2:      layout_basic, basic_altar, chequers_serial_rivers_micro_e,
          kennysheep_pointless_box, uniq_crazy_yiuf_cottage
D:3:      layout_basic, uniq_jessica, uniq_natasha, uniq_ijyb, uniq_grinder,
          uniq_terence

Skill      XL: |  1  2 |
---------------+-------+-----
Spellcasting   | 3 |  3.0
Dodging        | |  2.1
Stealth        | |  1.5

Action                   || total
-------------------------++-------
Melee: Unarmed           ||     1
 Cast: Sandblast         ||    17
  Use: Potion            ||     2
Armor: Robe              ||     3
Dodge: Dodged            ||     6

Table legend: (Time is in decaauts)
 A = Elapsed time spent in this place.
 B = Non-inter-level travel time spent in this place.
 C = Inter-level travel time spent in this place.
 D = Time resting spent in this place.
 E = Time spent auto-exploring this place.
 F = Levels seen in this place.
 G = Mean time per level.
                   A        B        C        D        E       F      G
               +--------+--------+--------+--------+--------+-----+--------+
         Total |    129 |    128 |      1 |      0 |      0 |   3 |   43.0 |
       Dungeon |    129 |    128 |      1 |      0 |      0 |   3 |   43.0 |
               +--------+--------+--------+--------+--------+-----+--------+

Top non-repeatable levels by time:
     D:2: 61 daAuts
     D:1: 34 daAuts
     D:3: 33 daAuts
